 Dungeon Crawl Stone Soup version 0.21.1-1-g345015f (webtiles) character file.

205 snakesoul the Poker (level 5, -1/42 HPs)
             Began as a Demonspawn Fighter on July 25, 2018.
             Slain by Purgy (2 damage)
             ... on level 3 of the Dungeon.
             The game lasted 00:05:44 (1806 turns).

snakesoul the Poker (Demonspawn Fighter)            Turns: 1806, Time: 00:05:45

Health: -1/42      AC:  6    Str: 17    XL:     5   Next: 52%
Magic:  5/5        EV:  6    Int:  9    God:
Gold:   123        SH:  8    Dex: 13    Spells: 4/4 levels left

rFire    . . .     SeeInvis .   a - +0 trident
rCold    . . .     Gourm    .   c - +0 shield
rNeg     . . .     Faith    .   b - +0 scale mail
rPois    .         Spirit   .   (helmet restricted)
rElec    .         Reflect  .   (no cloak)
rCorr    .         Harm     .   (no gloves)
MR       .....                  (no boots)
Stlth    ..........             (no amulet)
HPRegen  0.14/turn              (no ring)
MPRegen  0.09/turn              (no ring)

@: no status effects
A: horns 1, powered by pain 1, rot immunity
a: no special abilities


You were on level 3 of the Dungeon.
You were not hungry.

You visited 1 branch of the dungeon, and saw 3 of its levels.

You collected 123 gold pieces.

Inventory:

Hand Weapons
 a - a +0 trident (weapon)
Armour
 b - a +0 scale mail (worn)
 c - a +0 shield (worn)
Scrolls
 e - a scroll of teleportation {unknown}
 g - 2 scrolls of magic mapping {unknown}
 i - 2 scrolls of remove curse {unknown}
 j - 2 scrolls of identify {unknown}
Potions
 d - a potion of might
 h - 4 potions of curing {unknown}
 k - a potion of lignification {unknown}
 m - a potion of brilliance {unknown}
Comestibles
 f - 5 rations
 l - 3 chunks of flesh


   Skills:
 + Level 4.3 Fighting
 * Level 4.5 Polearms
 - Level 2.6 Armour
 - Level 2.6 Shields


You had 4 spell levels left.
You didn't know any spells.

Dungeon Overview and Level Annotations

Branches:
Dungeon (3/15)

Altars:

Annotations:
D:3 1 transporter, Purgy, Robin


Innate Abilities, Weirdness & Mutations

You have a pair of small horns on your head.
You sometimes gain a little power by taking damage.
You are immune to rotting.


Message History

Purgy is lightly wounded.
Purgy bites you.
* * * LOW HITPOINT WARNING * * *
Purgy claws you but does no damage. Purgy claws you.
* * * LOW HITPOINT WARNING * * *
You puncture Purgy!
Purgy is moderately wounded.
Robin says, "Kneel, worm!"
Purgy bites you.
* * * LOW HITPOINT WARNING * * *
Purgy claws you.
* * * LOW HITPOINT WARNING * * *
Purgy barely misses you.
A goblin comes into view. It is wielding a club.
You closely miss Purgy. You headbutt Purgy.
Purgy is heavily wounded.
Purgy bites you.
* * * LOW HITPOINT WARNING * * *
You block Purgy's attack. Purgy claws you.
You die...

#..©#... . ###..g#...
.. ......#..# .#
.....g#..###.###.
....?.#..........
....gg#Z.........
.....g###########
....gKT@.........
.########.###########
#...............#
#......$.....%..#
#...............#
#...............##
..................# #
###................#.#
#................#.#


You could see Purgy, Robin, a giant cockroach zombie, a hobgoblin, 4 goblins and
a kobold.

Vanquished Creatures
  The ghost of TheNamelessOne the Digger, an amateur BaEE of Cheibriados (D:3)
  Natasha (twice) (D:3)
  An adder (D:2)
  An ooze (D:2)
  2 worms (D:2)
  2 dart slugs (D:1)
  3 leopard geckos
  2 ball pythons
  2 giant cockroaches (D:2)
  3 goblins
  6 hobgoblins
  6 jackals
  A quokka (D:2)
  3 bats
  13 kobolds
  8 rats
56 creatures vanquished.

Notes
Turn   | Place    | Note
-------+----------+-------------------------------------------
     0 | D:1      | snakesoul the Demonspawn Fighter began the quest for the Orb.
     0 | D:1      | Reached XP level 1. HP: 18/18 MP: 1/1
   112 | D:1      | Gained mutation: You sometimes gain a little power by taking damage. [demonic ancestry]
   112 | D:1      | Reached XP level 2. HP: 24/24 MP: 2/2
   601 | D:2      | Reached XP level 3. HP: 22/29 MP: 3/3
  1413 | D:3      | Noticed TheNamelessOne's ghost (amateur BaEE)
  1424 | D:3      | Killed TheNamelessOne's ghost
  1424 | D:3      | Gained mutation: You have a pair of small horns on your head. [demonic ancestry]
  1424 | D:3      | Reached XP level 4. HP: 30/37 MP: 4/4
  1424 | D:3      | Gained mutation: You are immune to rotting. [demonic ancestry]
  1424 | D:3      | Reached XP level 5. HP: 34/42 MP: 5/5
  1529 | D:3      | Noticed Natasha
  1533 | D:3      | Killed Natasha
  1615 | D:3      | Noticed Natasha
  1625 | D:3      | Killed Natasha
  1789 | D:3      | Found a transporter.
  1789 | D:3      | Noticed Purgy
  1802 | D:3      | Noticed Robin
  1806 | D:3      | HP: 1/42 [Purgy (4)]
  1806 | D:3      | Slain by Purgy

Skill      XL: |  1  2  3 |
---------------+----------+-----
Polearms       | 2 4 |  4.5
Fighting       | 4 |  4.3
Armour         | |  2.6
Shields        | |  2.6

Action                   |  1- 3 |  4- 6 || total
-------------------------+-------+-------++-------
Melee: Trident           |   151 |    67 ||   218
       Headbutt          |       |     7 ||     7
  Eat: Chunk             |     2 |     1 ||     3
Armor: Scale mail        |    46 |    53 ||    99
Dodge: Dodged            |    32 |    22 ||    54
Block: Shield            |    53 |    38 ||    91
